 Dungeon Crawl Stone Soup version 0.28.0-47-ge53b351184 (webtiles) character file.

Game seed: 17775108712517106993

3212 Descartes the Covert (level 9, -1/37 HPs)
             Began as a Felid Delver on May 3, 2022.
             Was an Elder of Elyvilon.
             Slain by a komodo dragon (21 damage)
             ... on level 8 of the Dungeon.
             The game lasted 00:26:45 (12894 turns).

Descartes the Covert (Felid Delver)                Turns: 12894, Time: 00:26:45

Health: -1/37      AC:  6    Str: 12    XL:     9   Next: 65%
Magic:  13/13      EV: 27    Int: 14    God:    Elyvilon [****..]
Gold:   316        SH:  5    Dex: 24    Spells: 8/8 levels left
                                        Lives:  0   Deaths: 2

rFire   . . .      SeeInvis +     - Unarmed
rCold   . . .      Faith    .   (shield unavailable)
rNeg    . . .      Spirit   .   (armour unavailable)
rPois   .          Reflect  +   (helmet unavailable)
rElec   +          Harm     .   (cloak unavailable)
rCorr   .          Rampage  .   (gloves unavailable)
Will    +....                   (boots unavailable)
Stlth   ++++++....              o - amulet of reflection
HPRegen 0.12/turn               i - ring of Noon {rElec AC+4 Int+3 Stlth+}
MPRegen 0.13/turn               w - +6 ring of dexterity

@: quick
A: very small, claws 1, fangs 3, see invisible, speed 1, shaggy fur 2, stealthy
paws, no weapons or thrown items, no armour, multi-lived
a: Renounce Religion, Purification, Heal Other, Heal Self


You were on level 8 of the Dungeon.
You worshipped Elyvilon.
Elyvilon was greatly pleased with you.
You visited 2 branches of the dungeon, and saw 9 of its levels.

You collected 538 gold pieces.
You spent 222 gold pieces at shops.

Inventory:

Jewellery
 i - the ring of Noon (left paw) {rElec AC+4 Int+3 Stlth+}
   (You acquired it on level 3 of the Dungeon)

   [ring of protection]

   AC:        It affects your AC (+4).
   Int:       It affects your intelligence (+3).
   rElec:     It insulates you from electricity.
   Stlth:     It makes you more stealthy.
 n - a ring of protection from fire
 o - an amulet of reflection (around neck)
 w - a +6 ring of dexterity (right paw)
Wands
 e - a wand of digging (7)
 g - a wand of iceblast (7)
Scrolls
 a - 5 scrolls of fog
 b - 3 scrolls of magic mapping
 c - 2 scrolls of fear
 f - 3 scrolls of teleportation
 h - a scroll of torment {unknown}
 j - a scroll of silence {unknown}
 l - 2 scrolls of amnesia
 r - 3 scrolls of immolation
 t - a scroll of identify
 v - a scroll of blinking
 x - a scroll of vulnerability {unknown}
Potions
 d - a potion of flight {unknown}
 k - a potion of resistance
 m - a potion of might {unknown}
 q - a potion of mutation
 s - 2 potions of curing {unknown}
 u - a potion of heal wounds {unknown}


   Skills:
 - Level 3.0 Fighting
 + Level 10.0 Dodging
 + Level 10.0 Stealth
 + Level 10.0 Unarmed Combat
 + Level 1.8 Translocations
 + Level 1.2 Transmutations
 - Level 5.0 Invocations
 - Level 5.0 Evocations


You had 8 spell levels left.
You didn't know any spells.
Your spell library contained the following spells:

 Spells                   Type           Power      Damage    Failure   Level
 Animate Skeleton         Necr           0%         N/A       28%         1
 Foxfire                  Conj/Fire      0%         2x1d4     28%         1
 Pain                     Necr           0%         1d4       28%         1
 Passwall                 Tmut/Erth      0%         N/A       34%         2
 Ensorcelled Hibernation  Hex/Ice        0%         N/A       41%         2
 Spider Form              Tmut/Pois      1%         N/A       56%         3
 Conjure Flame            Conj/Fire      0%         6-21      65%         3
 Inner Flame              Hex/Fire       0%         N/A       65%         3
 Swiftness                Air            0%         N/A       65%         3
 Vampiric Draining        Necr           0%         2d6       65%         3
 Anguish                  Hex/Necr       0%         N/A       96%         4
 Flame Wave               Conj/Fire      0%         2d4       96%         4


Dungeon Overview and Level Annotations

Branches:
Dungeon (8/15)             Temple (1/1) D:5
   Lair: D:8-11

Altars:
Ashenzari
Cheibriados
Dithmenos
Elyvilon
Fedhas
Gozag
Hepliaklqana
Kikubaaqudgha
Makhleb
Nemelex Xobeh
Okawaru
Qazlal
Ru
Sif Muna
Trog
Uskayaw
Vehumet
Wu Jian
Xom
Yredelemnul
Zin
The Shining One

Shops:
D:3 (?(:   D:4 [


Innate Abilities, Weirdness & Mutations

You have sharp claws.
You have razor-sharp teeth.
You have supernaturally acute eyesight. (SInv)
You cover ground quickly. (Speed+)
You are covered in thick fur. (AC +2)
Your paws help you pounce on unaware monsters.
You are incapable of wielding weapons or throwing items.
You cannot wear armour.
You gain extra lives every three experience levels.


Message History

A komodo dragon is nearby!
You see here a +0 ring mail.
The komodo dragon hisses angrily.
The komodo dragon bites you!
You scratch the komodo dragon.
The komodo dragon is lightly wounded.
The komodo dragon completely misses you.
You claw the komodo dragon!
The komodo dragon is moderately wounded.
You scratch the komodo dragon but do no damage.
The komodo dragon is moderately wounded.
The komodo dragon closely misses you.
You scratch the komodo dragon but do no damage.
The komodo dragon is moderately wounded.
The komodo dragon closely misses you.
You scratch the komodo dragon but do no damage.
The komodo dragon is moderately wounded.
You block the komodo dragon's attack.
You claw the komodo dragon!
The komodo dragon is severely wounded.
The komodo dragon completely misses you.
You closely miss the komodo dragon.
The komodo dragon is severely wounded.
You claw the komodo dragon!
The komodo dragon is severely wounded.
The komodo dragon misses you.
You closely miss the komodo dragon.
The komodo dragon is severely wounded.
The komodo dragon completely misses you.
You scratch the komodo dragon but do no damage.
The komodo dragon is severely wounded.
The komodo dragon closely misses you.
You scratch the komodo dragon.
The komodo dragon is almost dead.
The komodo dragon bites you.
You scratch the komodo dragon. You bite the komodo dragon.
The komodo dragon is almost dead.
The komodo dragon bites you!!
Ouch! That really hurt!
You die...

#####.###.#.#
..........#.#
.....######.#
.....#
#.######
.#####
#......# .#
######[# .#
#.# .# #.# .#
#@# .# #l# .#
#.# ##
####### #.#
##### #.....#
#.# ....#
#.###.####.#
....#
#..........#
....#
######.#####
##### #.#


You could see a komodo dragon.

Vanquished Creatures
  Harold (D:7)
  A two-headed ogre (D:7)
  A deep elf pyromancer (D:8)
  A wyvern (D:8)
  Menkaure (D:4)
  An acid dragon (D:8)
  A water moccasin (D:7)
  2 black bears
  2 orc warriors
  The ghost of Exodus22XD the Covert, an amateur FeEn (D:4)
  An ice beast (D:7)
  2 ogres
  2 centaurs
  Blork the orc (D:5)
  A kobold brigand (D:7)
  4 bullfrogs
  A wyvern zombie (D:6)
  A water moccasin zombie (D:6)
  A wyvern skeleton (D:7)
  9 wights
  An electric eel (D:6)
  A bullfrog zombie (D:5)
  5 orc priests
  A hound (D:5)
  A jelly (D:8)
  A gnoll shaman (Temple)
  Jessica (D:3)
  2 centaur skeletons (D:7)
  3 iguanas
  8 orc wizards
  A hound skeleton (D:5)
  A howler monkey zombie (D:5)
  9 gnolls
  A howler monkey skeleton (D:7)
  6 adders
  A white imp (Temple)
  An ufetubus (D:3)
  An adder zombie (D:5)
  2 dart slugs
  25 orcs
  3 bats
  7 endoplasms
  3 giant cockroaches (D:1)
  2 goblins
  4 hobgoblins
  17 kobolds
  7 quokkas
  10 ball pythons
  3 frilled lizards (D:2)
  5 rats
168 creatures vanquished.

Vanquished Creatures (others)
  3 plants (D:6)
3 creatures vanquished.

Grand Total: 171 creatures vanquished

Notes
Turn   | Place    | Note
-------+----------+-------------------------------------------
     0 | D:5      | Descartes the Felid Delver began the quest for the Orb.
     0 | D:5      | Reached XP level 1. HP: 10/10 MP: 2/2
     1 | D:5      | Noticed a wight
     4 | D:5      | Found a staircase to the Ecumenical Temple.
    25 | D:5      | Noticed a hound
    43 | D:5      | You fall into a shaft and drop 1 floor!
   214 | D:6      | Noticed an electric eel
   225 | D:6      | Killed an electric eel
   226 | D:6      | Reached XP level 2. HP: 14/14 MP: 3/3
   226 | D:6      | Reached XP level 3. HP: 17/17 MP: 4/4
   256 | D:5      | Noticed Blork the orc
   261 | D:5      | Killed Blork the orc
   262 | D:5      | Reached XP level 4. HP: 21/21 MP: 5/5
   281 | D:5      | Noticed a bullfrog
   326 | D:5      | Killed a bullfrog
   327 | D:5      | Reached XP level 5. HP: 10/24 MP: 6/6
   403 | Temple   | Entered the Ecumenical Temple
   986 | Temple   | Became a worshipper of Elyvilon the Healer
  1057 | D:5      | Reached skill level 5 in Dodging
  1290 | Temple   | Gained mutation: You are covered in thick fur. (AC +2)
                  | [Felid growth]
  1290 | Temple   | Reached XP level 6. HP: 20/28 MP: 7/7
  2527 | Temple   | Reached XP level 7. HP: 18/31 MP: 8/8
  4317 | D:5      | Reached skill level 5 in Unarmed Combat
  4590 | D:4      | Found a transporter.
  4614 | D:4      | Found a transporter.
  4617 | D:4      | Noticed Exodus22XD's ghost (amateur FeEn)
  4631 | D:4      | Found Ishybeid's Armour Shoppe.
  4706 | D:4      | Noticed Menkaure
  4722 | D:4      | Killed Menkaure
  5433 | D:4      | Reached * piety under Elyvilon
  5861 | D:3      | Found a radiant altar of Vehumet.
  5898 | D:3      | Reached skill level 10 in Stealth
  6067 | D:3      | Found Wihogit's Book Shoppe.
  6103 | D:3      | Reached ** piety under Elyvilon
  6351 | D:3      | Found Reudghap's Antique Weapon Shoppe.
  6407 | D:3      | Found Ehoruxo's Magic Scroll Shop.
  6436 | D:3      | Found Vaitz's Weapon Shop.
  6481 | D:3      | Noticed Jessica
  6489 | D:3      | Killed Jessica
  6781 | D:2      | Reached XP level 8. HP: 24/34 MP: 9/9
  7629 | D:1      | Reached *** piety under Elyvilon
  8424 | D:3      | Bought a scroll of identify for 24 gold pieces
  8424 | D:3      | Bought a scroll of immolation for 42 gold pieces
  8424 | D:3      | Bought a scroll of identify for 24 gold pieces
  8424 | D:3      | Bought a scroll of fog for 24 gold pieces
  8424 | D:3      | Bought a scroll of magic mapping for 42 gold pieces
  8424 | D:3      | Bought a scroll of identify for 24 gold pieces
  8424 | D:3      | Bought a scroll of magic mapping for 42 gold pieces
  8437 | D:3      | Identified a scroll of acquirement
  8448 | D:3      | Acquired the ring of Noon {rElec AC+4 Int+3 Stlth+}
  8611 | D:4      | Killed Exodus22XD's ghost
  8691 | D:4      | Reached skill level 1 in Evocations
  8832 | D:4      | Reached skill level 1 in Invocations
  9040 | D:6      | Reached **** piety under Elyvilon
 10170 | D:6      | Reached XP level 9. HP: 31/37 MP: 12/12
 10493 | D:7      | Noticed Harold
 10516 | D:7      | Killed from afar by Harold
 10517 | D:7      | Reached XP level 8. HP: -4/34 MP: 11/11
 10726 | D:7      | Elyvilon protects you from harm!
 10729 | D:7      | Slain by Harold
 10730 | D:7      | Reached XP level 7. HP: -3/46 MP: 10/10
 10791 | D:7      | Killed Harold
 10792 | D:7      | Reached XP level 8. HP: 34/34 MP: 10/12
 11124 | D:8      | Found an opulent altar of Gozag.
 11230 | D:8      | Reached skill level 5 in Evocations
 11240 | D:8      | Reached skill level 10 in Dodging
 11454 | D:8      | Reached skill level 5 in Invocations
 11482 | D:8      | Noticed a two-headed ogre
 11684 | D:8      | Reached XP level 9. HP: 37/37 MP: 13/13
 11686 | D:8      | Noticed a deep elf pyromancer
 12233 | D:7      | Killed a two-headed ogre
 12292 | D:8      | Killed a deep elf pyromancer
 12293 | D:8      | Reached skill level 10 in Unarmed Combat
 12584 | D:8      | Noticed a komodo dragon
 12586 | D:8      | Noticed a komodo dragon
 12600 | D:8      | Reached skill level 1 in Translocations
 12600 | D:8      | Reached skill level 1 in Transmutations
 12894 | D:8      | Slain by a komodo dragon

Illustrated notes

Levels and vault maps discovered:
D:1:      minmay_arrival_checkered_box, layout_loops_corners, minmay_box_of_dots
D:2:      layout_basic, st_stairs_6, kennysheep_generic_room_9
D:3:      layout_loops_corners, lemuel_tele_altar, serial_shops,
          nicolae_shop_hallway_stairs, nicolae_shop_behind_doors,
          nicolae_lakefront_shop, shop, uniq_jessica
D:4:      layout_basic, serial_shops, shop, gammafunk_ghost_arena, uniq_menkaure
D:5:      layout_rooms, minmay_temple_entry_overgrown, minmay_crossroads,
          uniq_blork_the_orc
D:6:      layout_basic, serial_corexii_hall, corexii_hall_statues_s,
          chequers_hall_statues_corner_a, chequers_big_river
D:7:      layout_rooms, uniq_harold
D:8:      layout_basic, grunt_gozag_statues, erik_lair_dragon
Temple:   mainiacjoe_temple_big_plus

Skill      XL: |  1  2  3  4  5  6  7  8  9 |
---------------+----------------------------+-----
Dodging        | 3 4 5 6 7 10 | 10.0
Stealth        | 7 8 9 10 | 10.0
Unarmed Combat | 3 4 5 8 10 | 10.0
Evocations     | 4 5 |  5.0
Invocations    | 4 5 |  5.0
Translocations | 1 |  1.8
Transmutations | 1 |  1.2
Fighting       | |  3.0

Action                   |  1- 3 |  4- 6 |  7- 9 || total
-------------------------+-------+-------+-------++-------
Melee: Unarmed           |     8 |    83 |   528 ||   619
       Bite              |       |    11 |    59 ||    70
       Punch             |       |     3 |    26 ||    29
Evoke: Wand              |       |       |     5 ||     5
  Use: Scroll            |       |     1 |    12 ||    13
       Potion            |       |       |     3 ||     3
 Stab: Sleeping          |     2 |     2 |    38 ||    42
       Paralysed         |       |       |     2 ||     2
       Distracted        |       |       |     2 ||     2
Armor: Skin              |       |     2 |    21 ||    23
Dodge: Dodged            |     3 |    77 |   400 ||   480
Block: Other             |       |       |    72 ||    72
       Reflection        |       |       |     5 ||     5
